 Dungeon Crawl Stone Soup version 0.30.0-10-gfe55d96785 (webtiles) character file.

Game seed: 141738883689969468

3327 gimhalos the Nimble (level 9, -8/42 HPs)
             Began as a Spriggan Enchanter on May 16, 2023.
             Was a Follower of Hepliaklqana.
             Killed from afar by an electric eel (15 damage)
             ... with a bolt of electricity
             ... on level 8 of the Dungeon.
             The game lasted 00:51:40 (11058 turns).

gimhalos the Nimble (Spriggan Enchanter)           Turns: 11058, Time: 00:51:42

Health: -8/42      AC:  2    Str:  4    XL:     9   Next: 71%
Magic:  14/14      EV: 24    Int: 16    God:    Hepliaklqana [*.....]
Gold:   114        SH:  0    Dex: 20    Spells: 6/14 levels left

rFire   . . .        G - +5 dagger (freeze)
rCold   + . .        (no shield)
rNeg    . . .        b - +0 robe
rPois   .            (helmet restricted)
rElec   .            s - scarf {+Inv}
rCorr   .            (gloves unavailable)
SInv    +            (boots unavailable)
Will    +....        (no amulet)
Stlth   ++++         l - ring of protection from cold
HPRegen 0.27/turn    (no ring)
MPRegen 0.14/turn

%: no passive effects
@: very quick
A: reduced essence, very small, no large weapons, unfitting armour, see
invisible, speed 3
a: Renounce Religion, Evoke Invisibility, Recall Ancestor, Ancestor Identity


You were on level 8 of the Dungeon.
You worshipped Hepliaklqana.
Hepliaklqana was aware of your devotion.
You visited 2 branches of the dungeon, and saw 9 of its levels.

You collected 317 gold pieces.
You spent 203 gold pieces at shops.

Inventory:

Hand Weapons
 j - a +2 short sword of speed
 G - a +5 dagger of freezing (weapon)
Armour
 b - a +0 robe (worn)
 q - a +1 cloak
 s - a scarf of invisibility (worn)
 H - +0 acid dragon scales
Jewellery
 l - a ring of protection from cold (left hand)
 F - a ring of positive energy
Wands
 y - a wand of paralysis (9)
 z - a wand of flame (17)
 C - a wand of polymorph (12)
Scrolls
 e - 2 scrolls of fog
 h - 2 scrolls of silence
 k - 3 scrolls of fear
 p - a scroll of magic mapping
 r - 3 scrolls of teleportation
 A - a scroll of immolation {unknown}
 B - 3 scrolls of amnesia
 D - a scroll of blinking
 E - 3 scrolls of identify
Potions
 a - a potion of magic {unknown}
 c - 3 potions of invisibility
 d - 2 potions of heal wounds
 f - a potion of flight
 g - 5 potions of haste
 i - 2 potions of attraction {unknown}
 m - 2 potions of resistance
 n - 3 potions of might
 o - 2 potions of curing
 t - a potion of lignification
 v - a potion of mutation {unknown}


   Skills:
 - Level 5.3 Fighting
 - Level 8.2 Short Blades
 - Level 9.0 Dodging
 - Level 7.0 Stealth
 - Level 3.1 Spellcasting
 - Level 7.0 Hexes
 - Level 3.0 Translocations
 - Level 1.4 Invocations
 + Level 0.0 Evocations


You had 6 spell levels left.
You knew the following spells:

 Your Spells              Type           Power      Damage    Failure   Level
a - Ensorcelled Hibernat  Hex/Ice        26%        N/A       7%          2
b - Tukima's Dance        Hex            25%        N/A       3%          3
c - Confusing Touch       Hex            25%        N/A       3%          3

Your spell library contained the following spells:

 Spells                   Type           Power      Damage    Failure   Level
 Apportation              Tloc           24%        N/A       5%          1
 Dazzling Flash           Conj/Hex       26%        N/A       13%         3
 Gell's Gravitas          Tloc           12%        N/A       16%         3
 Teleport Other           Tloc           12%        N/A       16%         3
 Necrotise                Necr           8%         1d4       19%         1
 Summon Small Mammal      Summ           8%         N/A       19%         1
 Cigotuvi's Dreadful Rot  Necr/Pois/Air  4%         N/A       28%         2
 Static Discharge         Conj/Air       4%         2-3/arc   28%         2
 Sublimation of Blood     Necr           2%         N/A       28%         2
 Wereblood                Tmut           2%         N/A       28%         2
 Silence                  Hex/Air        6%         N/A       77%         5
 Airstrike                Air            1%         2d(1-17)  88%         4
 Olgreb's Toxic Radiance  Pois           2%         N/A       88%         4
 Sticky Flame             Conj/Fire      2%         2d3       88%         4
 Summon Lightning Spire   Summ/Air       2%         N/A       88%         4
 Agony                    Necr           2%         N/A       99%         5
 Dispersal                Tloc           6%         N/A       100%        6
 Summon Hydra             Summ           1%         N/A       100%        7


Dungeon Overview and Level Annotations

Branches:
Dungeon (8/15)             Temple (1/1) D:7
   Lair: D:8-11

Altars:
Cheibriados
Dithmenos
Elyvilon
Fedhas
Hepliaklqana
Kikubaaqudgha
Makhleb
Okawaru
Qazlal
Ru
Sif Muna
Trog
Uskayaw
Vehumet
Wu Jian
Xom
Yredelemnul
Zin
The Shining One

Shops:
D:1 (   D:3 *


Innate Abilities, Weirdness & Mutations

Your life essence is reduced to manifest your ancestor. (-10% HP)
You are very small and have problems with some larger weapons.
You are too small for most types of armour.
You have supernaturally acute eyesight. (SInv)
You cover ground extremely quickly. (Speed+++)


Message History

Casting: Ensorcelled Hibernation (safe; 7% risk of failure)
Confirm with . or Enter, or press ? or * to list all spells.
Aiming: Ensorcelled Hibernation (safe; 7% risk of failure)
Press: ? - help, Shift-Dir - straight line, f/p - basilisk
Aim: a basilisk (chance to affect: 47%)
The basilisk looks drowsy...
The helpless basilisk fails to defend itself.
You spit the basilisk like a pig!!!
The basilisk seems to slow down.
You freeze the basilisk!
You kill the basilisk!
Your Translocations skill increases to level 3!
Your Invocations skill increases to level 1!
Okay, then.
Magic restored.
You open the door.
There are monsters nearby!
Okay, then.
Okay, then.
Unknown command.
There are monsters nearby!
There is an open door here.
The electric eel shoots out a bolt of lightning at you!
The bolt of electricity hits you.
The electric eel shoots out a bolt of lightning at you!
The bolt of electricity hits the electric eel.
The electric eel completely resists.
The bolt of electricity hits you! The bolt of electricity misses you.
The bolt of electricity hits the plant!
The plant begins to die.
You see here a +0 dire flail.
The electric eel shoots out a bolt of lightning at you!
The bolt of electricity hits the plant!
The plant begins to die.
The bolt of electricity hits the plant!
The bolt of electricity misses you.
The electric eel shoots out a bolt of lightning at you!
The bolt of electricity hits the plant!
The bolt of electricity hits you!
The electric eel shoots out a bolt of lightning at you!
The bolt of electricity hits the plant!
The bolt of electricity hits you!
* * * LOW HITPOINT WARNING * * *
The electric eel shoots out a bolt of lightning at you!
The bolt of electricity hits the plant!
The bolt of electricity hits you!
You die...

.###.### #)#S≈!PP. #~#Y#
#. .......###.#S~.~..
#~#Y# #.
.#####...#.#≈≈~P~. +#.#Y.
. #### .# #..##~##≈..P.
#..#.# #.##...
.#####.##~##########~##..
#....#.
.......#~##≈.....##~~###.
####...
.#####.#.#≈S(P....#~##
##..
.#####.#.#≈~?P....#~# #..
......>#.#≈≈S.P.@'#.# #.#
.####.##'##S$)R..#..# #.#
.# #.....########.##
..#####.# .## ##...## ###
......... ..# #####
..#####.# .## ...#.# ##
##.#.# # #....# # ##.#...


You could see the friendly Arif the ancestor and 3 electric eels.

Vanquished Creatures
  Sigmund (D:2)
  2 yaks (D:8)
  A basilisk (D:8)
  An acid dragon (D:8)
  A water moccasin (D:5)
  An ice beast (D:7)
  2 sky beasts (D:7)
  2 black bears
  An ogre (D:6)
  4 centaurs
  2 phantoms
  2 kobold brigands (D:8)
  2 bullfrogs
  6 wights
  A crimson imp (D:5)
  3 hounds (D:4)
  A quasit (D:5)
  Crazy Yiuf (D:3)
  A jelly (D:8)
  3 orc priests
  2 gnoll boudas
  3 sleepcaps
  4 iguanas
  3 orc wizards
  Robin (D:2)
  3 adders
  10 gnolls
  4 shadow imps
  2 white imps (D:5)
  3 worms
  2 dart slugs
  20 orcs
  10 ball pythons
  8 endoplasms
  6 giant cockroaches
  16 goblins
  7 hobgoblins
  6 jackals
  7 quokkas
  5 bats
  A frilled lizard (D:2)
  2 goblin skeletons (D:5)
  2 goblin zombies (D:5)
  4 hobgoblin zombies (D:5)
  8 kobolds
  A kobold zombie (D:5)
  6 rats
184 creatures vanquished.

Vanquished Creatures (collateral kills)
  An orc (D:8)
  2 kobolds (D:8)
3 creatures vanquished.

Vanquished Creatures (others)
  A dancing weapon (D:7)
  An ancestor (D:8)
2 creatures vanquished.

Grand Total: 189 creatures vanquished

Notes
Turn   | Place    | Note
-------+----------+-------------------------------------------
     0 | D:1      | gimhalos the Spriggan Enchanter began the quest for the
                  | Orb.
     0 | D:1      | Reached XP level 1. HP: 9/9 MP: 5/5
   211 | D:1      | Reached XP level 2. HP: 14/14 MP: 6/6
   214 | D:1      | Learned a level 2 spell: Ensorcelled Hibernation
   401 | D:1      | Found Mecut's Antique Weapon Emporium.
   761 | D:1      | Reached skill level 1 in Fighting
   944 | D:1      | Reached XP level 3. HP: 18/18 MP: 8/8
  1270 | D:2      | Reached skill level 3 in Dodging
  1270 | D:2      | Noticed Robin
  1284 | D:2      | Killed Robin
  1285 | D:2      | Reached skill level 5 in Stealth
  1503 | D:2      | Noticed Sigmund
  1506 | D:2      | Killed Sigmund
  1507 | D:2      | Reached skill level 5 in Dodging
  1507 | D:2      | Reached XP level 4. HP: 22/22 MP: 9/9
  1507 | D:2      | Reached XP level 5. HP: 25/25 MP: 10/10
  1961 | D:2      | Learned a level 3 spell: Tukima's Dance
  1973 | D:3      | Found Fami Lon's General Store.
  2143 | D:3      | Found a runed translucent door.
  2144 | D:3      | Noticed Crazy Yiuf
  2151 | D:3      | Killed Crazy Yiuf
  2152 | D:3      | Reached XP level 6. HP: 30/30 MP: 11/11
  3137 | D:4      | Reached skill level 6 in Dodging
  3137 | D:4      | Reached skill level 5 in Hexes
  3371 | D:4      | Reached XP level 7. HP: 28/33 MP: 9/12
  3468 | D:4      | Found a sacrificial altar of Ru.
  3475 | D:4      | Found a basalt altar of Yredelemnul.
  3483 | D:4      | Found an ornate altar of the Wu Jian Council.
  4587 | D:5      | Entered Level 5 of the Dungeon
  4768 | D:5      | Reached skill level 7 in Dodging
  4822 | D:5      | Found a glowing golden altar of the Shining One.
  5309 | D:5      | Reached skill level 5 in Short Blades
  6172 | D:5      | Reached XP level 8. HP: 40/40 MP: 10/13
  7052 | D:6      | Learned a level 3 spell: Confusing Touch
  7319 | D:6      | You fall into a shaft and drop 2 floors!
  7362 | D:7      | Found a staircase to the Ecumenical Temple.
  7372 | Temple   | Entered the Ecumenical Temple
  7696 | Temple   | Became a worshipper of Hepliaklqana the Forgotten
  8601 | D:7      | Found a bloodstained altar of Trog.
  9012 | D:1      | Bought an iridescent dagger for 203 gold pieces
  9012 | D:1      | Identified the +1 dagger of Woitis {heavy, Int+5 Dex+2}
                  | (You bought it in a shop on level 1 of the Dungeon)
  9301 | D:7      | Found a white marble altar of Elyvilon.
  9490 | D:7      | Reached XP level 9. HP: 46/46 MP: 6/14
  9907 | D:7      | Reached skill level 8 in Dodging
 10017 | D:7      | Found a shadowy altar of Dithmenos.
 10185 | D:8      | Reached * piety under Hepliaklqana
 10228 | D:8      | Reached skill level 5 in Fighting
 10229 | D:8      | Identified the +5 arbalest of Fear {penet, MP+9 Int+3}
 10298 | D:8      | Got the Dissertation on Tainted Arson
 10428 | D:8      | Reached skill level 1 in Translocations
 10472 | D:8      | Reached skill level 9 in Dodging
 10598 | D:7      | Identified a scroll of acquirement
 10598 | D:7      | Acquired a scarf of invisibility
 11027 | D:8      | Reached skill level 1 in Invocations
 11058 | D:8      | Killed from afar by an electric eel

Illustrated notes

Levels and vault maps discovered:
D:1:      lemuel_arrival_lava_pool, layout_loops_ring, serial_shops,
          nicolae_shop_window_shopping, minmay_tromino_v4_c
D:2:      layout_loops_ring, minmay_ruptured, uniq_sigmund, uniq_robin
D:3:      layout_basic, serial_shops, shop, uniq_crazy_yiuf_cottage
D:4:      layout_layer_cave, grunt_temple_overflow_diamond,
          minmay_fractal_squares_5
D:5:      layout_basic, nicolae_tso_besieged_by_evil, serial_demonic,
          serial_demonic_e, serial_demonic_b, serial_demonic_g, serial_demonic_b
D:6:      layout_basic
D:7:      layout_gridville, mainiacjoe_overflow_surrounded_room,
          mainiacjoe_overflow_cross_hatched, kennysheep_mini_moat,
          minmay_temple_entry_statues
D:8:      cheibrodos_two_vegetables, layout_loops_ring, minmay_quadrilaterals
Temple:   hellmonk_temple_forest_ring

Skill      XL: |  1  2  3  4  5  6  7  8  9 |
---------------+----------------------------+-----
Hexes          | 4 5 6 7 |  7.0
Fighting       | 1 3 4 5 |  5.3
Short Blades   | 2 4 5 6 8 |  8.2
Dodging        | 5 6 7 9 |  9.0
Stealth        | 5 7 |  7.0
Translocations | 3 |  3.0
Spellcasting   | 3 |  3.1
Invocations    | 1 |  1.4

Action                     |  1- 3 |  4- 6 |  7- 9 || total
---------------------------+-------+-------+-------++-------
  Melee: Dagger            |    44 |       |   130 ||   174
         Short sword       |    67 |   106 |   314 ||   487
         Punch             |     2 |     1 |     9 ||    12
   Cast: Ensorcelled Hiber |    12 |     8 |    61 ||    81
         Tukima's Dance    |       |       |     6 ||     6
         Confusing Touch   |       |       |     8 ||     8
 Invoke: Recall Ancestor   |       |       |     3 ||     3
         Ancestor Identity |       |       |     2 ||     2
    Use: Scroll            |       |     1 |    16 ||    17
         Potion            |       |       |     2 ||     2
   Stab: Sleeping          |    25 |    19 |    38 ||    82
         Confused          |       |       |     4 ||     4
 Armour: Robe              |    14 |     3 |    20 ||    37
  Dodge: Dodged            |    58 |    45 |   243 ||   346
